 Dungeon Crawl Stone Soup version 0.31-a0-187-gba352fbbf7 (webtiles) character file.

Game seed: 12802204790162248424

64 qw the Shooter (level 3, -1/20 HPs)
             Began as a Deep Elf Hunter on June 22, 2023.
             Slain by a gnoll
             ... wielding a +2 whip of electrocution
              (13 damage)
             ... on level 4 of the Dungeon.
             The game lasted 00:00:32 (2083 turns).

qw the Shooter (Deep Elf Hunter)                    Turns: 2083, Time: 00:00:32

Health: -1/20      AC:  5    Str: 10    XL:     3   Next: 91%
Magic:  5/5        EV: 11    Int: 13    God:
Gold:   120        SH:  0    Dex: 18    Spells: 2/2 levels left

rFire   . . .        Y - +0 shortbow
rCold   . . .        (shield currently unavailable)
rNeg    . . .        d - +0 ring mail
rPois   .            (no helmet)
rElec   .            (no cloak)
rCorr   .            (no gloves)
SInv    .            (no boots)
Will    .....        (no amulet)
Stlth   +            (no ring)
HPRegen 0.23/turn    (no ring)
MPRegen 0.09/turn

%: no passive effects
@: brilliant, weak-willed
A: no striking features
a: no special abilities


You were on level 4 of the Dungeon.
You visited 1 branch of the dungeon, and saw 4 of its levels.

You collected 120 gold pieces.


   Skills:
 - Level 1.5 Fighting
 + Level 7.3 Ranged Weapons
 - Level 2.4 Dodging
 - Level 1.2 Stealth


You had 2 spell levels left.
You didn't know any spells.
Your spell library was empty.

Inventory:

Hand Weapons
 Y - a +0 shortbow (weapon)
Armour
 d - a +0 ring mail (worn)
Scrolls
 a - a scroll of identify
Potions
 h - a potion of mutation

Dungeon Overview and Level Annotations

Branches:
Dungeon (4/15)
 Temple: D:4-7

Altars:
Ashenzari
Uskayaw

Annotations:
D:3 1 runed translucent door, Crazy Yiuf


Message History

h - a potion of mutation;
2050 ||| IDENTIFYING fizzy white potion Crazy Yiuf grits, "Shadow!"
Could not explore, unopened runed door.
2051 ||| DROPPING potion of brilliance.
You drop a potion of brilliance.
Could not explore, unopened runed door.
2052 ||| DROPPING potion of lignification.
You drop a potion of lignification.
Could not explore, unopened runed door.
(D) Dungeon
Where to? (* - list waypoints, Enter - D:3, ? - help)
What level of the Dungeon? (default 1, ? - help)
You see here a +0 hammer.
You see here a +0 hammer.
You see here a +0 hammer.
You see here the +3 hammer of Quoharph {flame, Str+3}.
There is a stone staircase leading down here.
You climb downwards.
The gnoll shouts! x3
There is a stone staircase leading up here.
There are monsters nearby!
Waypoint 3 assigned to D:4.
You shoot an arrow. The arrow closely misses the gnoll.
The gnoll shouts!
The gnoll throws a throwing net.
The throwing net closely misses you.
You shoot an arrow. The arrow hits the gnoll.
The gnoll is lightly wounded.
You shoot an arrow. The arrow hits the gnoll.
The gnoll is lightly wounded.
An ufetubus opens the door.
An ufetubus comes into view.
You shoot an arrow. The arrow barely misses the gnoll. x2
The ufetubus shouts!
The quokka bites you but does no damage.
The gnoll hits you with a +2 whip of electrocution.
2083 ||| STAIRDANCE The quokka barely misses you.
The gnoll hits you with a +2 whip of electrocution.
You are electrocuted!
Ouch! That really hurt!
You die...

##.....#.#
##........#
###.........##
...........'.
....gg.g..#
#......5#
#.gr..# #@..#
##+##


You could see 4 gnolls, an ufetubus and a quokka.

Vanquished Creatures
  2 adders
  An ufetubus (D:2)
  A dart slug (D:1)
  An orc (D:3)
  2 endoplasms (D:3)
  2 giant cockroaches
  3 goblins
  3 hobgoblins
  3 quokkas
  5 ball pythons
  2 bats
  3 frilled lizards
  5 kobolds
  4 rats
37 creatures vanquished.

Notes
Turn   | Place    | Note
-------+----------+-------------------------------------------
     0 | D:1      | qw the Deep Elf Hunter began the quest for the Orb.
     0 | D:1      | Reached XP level 1. HP: 12/12 MP: 3/3
     0 | D:1      | 0 ||| qw: Version: 0.3-a-9-g12657ce
     0 | D:1      | 0 ||| qw: Game counter: 2217
     0 | D:1      | 0 ||| qw: Always use a shield: true
     0 | D:1      | 0 ||| qw: God list: Okawaru
     0 | D:1      | 0 ||| qw: Allow faded altars: false
     0 | D:1      | 0 ||| qw: Do Orc after D:15 true
     0 | D:1      | 0 ||| qw: Do second Lair branch before Depths: true
     0 | D:1      | 0 ||| qw: Lair rune preference: random
     0 | D:1      | 0 ||| qw: Plans: Normal
     0 | D:1      | 0 ||| PLANNING D:1-11
   281 | D:1      | Reached XP level 2. HP: 16/16 MP: 4/4
   397 | D:1      | Reached skill level 6 in Ranged Weapons
   639 | D:1      | 639 ||| UPGRADING to +0 ring mail.
   649 | D:1      | 649 ||| DROPPING +0 leather armour.
   650 | D:1      | 650 ||| DROPPING scroll of butterflies.
   859 | D:2      | Reached XP level 3. HP: 20/20 MP: 5/5
   874 | D:2      | 874 ||| DROPPING +2 sling of draining.
   940 | D:2      | Found a hide-covered altar of Uskayaw.
  1304 | D:2      | 1304 ||| READING 2 scrolls labelled UWACIONUQI.
  1305 | D:2      | 1305 ||| READING scroll labelled GAINA QUAWNAN.
  1403 | D:3      | Reached skill level 7 in Ranged Weapons
  1479 | D:3      | Identified the +3 hammer of Quoharph {flame, Str+3}
  1480 | D:3      | Found a runed translucent door.
  1481 | D:3      | Noticed Crazy Yiuf
  1524 | D:3      | Found a broken altar of Ashenzari.
  2045 | D:3      | 2045 ||| READING scroll labelled GUEH HU HORCH.
  2046 | D:3      | 2046 ||| READING scroll labelled CIOPTA WOQE.
  2047 | D:3      | 2047 ||| READING scroll labelled VABAESOTTI.
  2048 | D:3      | 2048 ||| DRINKING 2 red potions.
  2049 | D:3      | 2049 ||| READING 3 scrolls of identify.
  2049 | D:3      | 2049 ||| IDENTIFYING bubbling blue potion
  2050 | D:3      | 2050 ||| READING 2 scrolls of identify.
  2050 | D:3      | 2050 ||| IDENTIFYING fizzy white potion
  2051 | D:3      | 2051 ||| DROPPING potion of brilliance.
  2052 | D:3      | 2052 ||| DROPPING potion of lignification.
  2083 | D:4      | 2083 ||| STAIRDANCE
  2083 | D:4      | Slain by a gnoll

Levels and vault maps discovered:
D:1:      lemuel_arrival_room, layout_basic
D:2:      layout_loops_ring, basic_altar
D:3:      cheibrodos_helix_gallery, layout_loops_cross,
          mainiacjoe_overflow_concentric_impassable, uniq_crazy_yiuf_cottage
D:4:      layout_loops_corners, temple_statues, minmay_misc_feat_rows,
          minmay_ruptured

Skill      XL: |  1  2  3 |
---------------+----------+-----
Ranged Weapons | 6 7 |  7.3
Fighting       | |  1.5
Dodging        | |  2.4
Stealth        | |  1.2

Action                     || total
---------------------------++-------
   Fire: Shortbow          ||    80
    Use: Scroll            ||     7
         Potion            ||     1
 Armour: Leather armour    ||     6
         Ring mail         ||     2
  Dodge: Dodged            ||    11

Table legend:
 A = Non-vault XP
 B = Vault XP
 C = Vault XP percentage of total XP
 D = Non-vault monster count
 E = Vault monster count
 F = Vault count percentage of total count
                 A         B        C        D         E       F
            +---------+---------+-------+---------+---------+-------
      Total |      88 |       4 |   4.3 |      35 |       2 |   5.4
            +---------+---------+-------+---------+---------+-------
        D:1 |      18 |       0 |   0.0 |      10 |       0 |   0.0
        D:2 |      44 |       0 |   0.0 |      17 |       0 |   0.0
        D:3 |      26 |       4 |  13.3 |       8 |       2 |  20.0
            +---------+---------+-------+---------+---------+-------
